IL
BUFFALO BISONS @ LOUISVILLE STALLIONS
07/12/1982
 
TOP OF THE 1ST
Tidewater Tides batting - Pitching for Columbus Clippers : RHP Gene Nelson
Pitching: RHP Gene Nelson
Batting: RHB Brad Komminsk 0-0: Bunt missed!
0-1: Called Strike
0-2: Ball
1-2: Ball
2-2: Strikes out swinging
Batting: LHB Roy E Johnson 0-0: Called Strike
0-1: Ground out 6-3 (Groundball, 6, EV 93.1 MPH)
Batting: LHB John Kruk 0-0: Swinging Strike
0-1: Ball
1-1: Ball
2-1: Ball
3-1: Fly out, F4 (Popup, 4M, EV 61.9 MPH)
Top of the 1st over - 0 runs, 0 hits, 0 errors, 0 left on base; Tidewater 0 - Columbus 0
BOTTOM OF THE 1ST
Columbus Clippers batting - Pitching for Tidewater Tides : RHP Reggie Cleveland
Pitching: RHP Reggie Cleveland
Batting: RHB Alex Taveras 0-0: SINGLE (Groundball, 5D, EV 95.0 MPH)
Batting: LHB Jordan Medrano 0-0: Ball
1-0: Foul Ball, location: 2F
1-1: Called Strike
1-2: Fly out, F5 (Line Drive, 5, EV 70.6 MPH)
Batting: RHB David Hall 0-0: Ball
1-0: Called Strike
1-1: Ball
Alex Taveras steals 2nd, throwing error, E2
Alex Taveras to third
2-1: Ball
3-1: Base on Balls
Pitching: LHP Gustavo Santiago
Batting: LHB George Kaage 0-0: Ball
1-0: Called Strike
1-1: Ball
2-1: Ball
Wild Pitch!
Alex Taveras scores
David Hall to second
3-1: Foul Ball, location: 2F
3-2: Foul Ball, location: 2F
3-2: Strikes out swinging, 2-3 out at first.
Batting: RHB Pedro Guerrero 0-0: Ball
1-0: Fly out, F6 (Flyball, 6D, EV 86.3 MPH)
Bottom of the 1st over - 1 run, 1 hit, 1 error, 1 left on base; Tidewater 0 - Columbus 1
TOP OF THE 2ND
Tidewater Tides batting - Pitching for Columbus Clippers : RHP Gene Nelson
Batting: RHB George Gomez 0-0: Swinging Strike
0-1: Called Strike
0-2: Foul Ball, location: 2F
0-2: Strikes out swinging
Batting: RHB German Rivera 0-0: Swinging Strike
0-1: Foul Ball, location: 2F
0-2: Strikes out looking
Batting: RHB Billy Cree 0-0: Ball
1-0: Ground out 6-3 (Groundball, 6, EV 83.1 MPH)
Top of the 2nd over - 0 runs, 0 hits, 0 errors, 0 left on base; Tidewater 0 - Columbus 1
BOTTOM OF THE 2ND
Columbus Clippers batting - Pitching for Tidewater Tides : LHP Gustavo Santiago
Batting: RHB Rod Allen 0-0: Ball
1-0: Foul Ball, location: 2F
1-1: SOLO HOME RUN (Flyball, 7LD, EV 106.9 MPH), Distance : 365 ft
Batting: RHB Larry Bowie 0-0: Ball
1-0: Ball
2-0: SINGLE (Line Drive, 34D, EV 106.9 MPH)
Batting: LHB Barry Butera 0-0: Ball
1-0: Swinging Strike
1-1: SINGLE (Flyball, 6D, EV 96.9 MPH)
Larry Bowie to second
Batting: LHB Gene Gentile 0-0: Called Strike
0-1: Fielders Choice at 2nd, 1-6 (Groundball, 34S, EV 67.5 MPH)
Larry Bowie to third
Batting: RHB Alex Taveras 0-0: Called Strike
0-1: Ball
1-1: Called Strike
1-2: Foul Ball, location: 2F
1-2: Strikes out swinging
Batting: LHB Jordan Medrano 0-0: Called Strike
0-1: Ground out U3 (Groundball, 34, EV 85.6 MPH)
Bottom of the 2nd over - 1 run, 3 hits, 0 errors, 2 left on base; Tidewater 0 - Columbus 2
TOP OF THE 3RD
Tidewater Tides batting - Pitching for Columbus Clippers : RHP Gene Nelson
Batting: RHB Anthony Lachowetz 0-0: Foul Ball, location: 2F
0-1: Ball
1-1: Ball
2-1: Ball
3-1: Foul Ball, location: 2F
3-2: Strikes out looking
Batting: LHB James Durrman 0-0: Ball
1-0: SINGLE (Line Drive, 5D, EV 94.4 MPH)
Batting: SHB Julio Valdez 0-0: 2-RUN HOME RUN (Flyball, 9LD, EV 96.3 MPH), Distance : 369 ft
Batting: RHB Brad Komminsk 0-0: Called Strike
0-1: Swinging Strike
0-2: Hit by Pitch
Batting: LHB Roy E Johnson 0-0: Ball
1-0: Called Strike
1-1: Ball
2-1: SINGLE (Groundball, 4M, EV 100.6 MPH) (infield hit)
Brad Komminsk to second
Batting: LHB John Kruk 0-0: SINGLE (Line Drive, 78S, EV 95.0 MPH)
Brad Komminsk to third
Roy E Johnson to second
Runner from 3rd tries for Home, SAFE, throw by CF to home
Batting: RHB George Gomez 0-0: SINGLE (Groundball, 4D, EV 100.6 MPH)
Roy E Johnson to third
John Kruk to second
Runner from 3rd tries for Home, SAFE, throw by CF to home
Batting: RHB German Rivera 0-0: Reached on error, E5 (Groundball, 56S, EV 93.1 MPH)
John Kruk to third
George Gomez to second
Batting: RHB Billy Cree 0-0: Fielders Choice at 2nd, 6-4 (Groundball, 6, EV 80.0 MPH)
John Kruk scores
George Gomez to third
Batting: RHB Anthony Lachowetz 0-0: Called Strike
0-1: Ball
1-1: Ball
2-1: Ball
3-1: Base on Balls
Billy Cree to second
Batting: LHB James Durrman 0-0: Ball
1-0: Called Strike
1-1: Ground out 4-3 (Groundball, 4, EV 103.8 MPH)
Top of the 3rd over - 5 runs, 5 hits, 1 error, 3 left on base; Tidewater 5 - Columbus 2
BOTTOM OF THE 3RD
Columbus Clippers batting - Pitching for Tidewater Tides : LHP Gustavo Santiago
Batting: RHB David Hall 0-0: Called Strike
0-1: Called Strike
0-2: Strikes out swinging, 2-3 out at first.
Batting: LHB George Kaage 0-0: Ground out 6-3 (Groundball, 6, EV 86.3 MPH)
Batting: RHB Pedro Guerrero 0-0: Ground out 1-3 (Groundball, P, EV 70.0 MPH)
Bottom of the 3rd over - 0 runs, 0 hits, 0 errors, 0 left on base; Tidewater 5 - Columbus 2
TOP OF THE 4TH
Tidewater Tides batting - Pitching for Columbus Clippers : RHP Gene Nelson
Batting: SHB Julio Valdez 0-0: Ball
1-0: Ground out 6-3 (Groundball, 56, EV 85.6 MPH)
Batting: RHB Brad Komminsk 0-0: Fly out, F9 (Line Drive, 9, EV 85.6 MPH)
Batting: LHB Roy E Johnson 0-0: Called Strike
0-1: Ball
1-1: Swinging Strike
1-2: Ball
2-2: Ball
3-2: Strikes out swinging
Top of the 4th over - 0 runs, 0 hits, 0 errors, 0 left on base; Tidewater 5 - Columbus 2
BOTTOM OF THE 4TH
Columbus Clippers batting - Pitching for Tidewater Tides : LHP Gustavo Santiago
Batting: RHB Rod Allen 0-0: Ground out 5-3 (Groundball, 56, EV 81.3 MPH)
Batting: RHB Larry Bowie 0-0: Ground out 6-3 (Groundball, 6M, EV 92.5 MPH)
Batting: LHB Barry Butera 0-0: Ball
1-0: Ground out U3 (Groundball, 3, EV 100.0 MPH)
Bottom of the 4th over - 0 runs, 0 hits, 0 errors, 0 left on base; Tidewater 5 - Columbus 2
TOP OF THE 5TH
Tidewater Tides batting - Pitching for Columbus Clippers : RHP Gene Nelson
Batting: LHB John Kruk 0-0: Called Strike
0-1: Ball
1-1: Ball
2-1: Foul Ball, location: 2F
2-2: Foul Ball, location: 2F
2-2: Fly out, F9 (Flyball, 9S, EV 88.1 MPH)
Batting: RHB George Gomez 0-0: Called Strike
0-1: Called Strike
0-2: Ball
1-2: Ball
2-2: Foul Ball, location: 2F
2-2: Ball
3-2: DOUBLE (Line Drive, 5D, EV 95.6 MPH)
Batting: RHB German Rivera 0-0: Foul Ball, location: 2F
0-1: Ball
1-1: Foul Ball, location: 2F
1-2: Fly out, F4 (Line Drive, 4, EV 68.1 MPH)
Batting: RHB Billy Cree 0-0: Ball
1-0: Ground out 6-3 (Groundball, 6M, EV 80.6 MPH)
Top of the 5th over - 0 runs, 1 hit, 0 errors, 1 left on base; Tidewater 5 - Columbus 2
BOTTOM OF THE 5TH
Columbus Clippers batting - Pitching for Tidewater Tides : LHP Gustavo Santiago
Batting: LHB Gene Gentile 0-0: Fly out, F6 (Popup, 6MS, EV 78.1 MPH)
Batting: RHB Alex Taveras 0-0: Fly out, F8 (Flyball, 8RD, EV 83.8 MPH)
Batting: LHB Jordan Medrano 0-0: Fly out, F7 (Flyball, 7S, EV 95.6 MPH)
Bottom of the 5th over - 0 runs, 0 hits, 0 errors, 0 left on base; Tidewater 5 - Columbus 2
TOP OF THE 6TH
Tidewater Tides batting - Pitching for Columbus Clippers : RHP Gene Nelson
Batting: RHB Anthony Lachowetz 0-0: Called Strike
0-1: Called Strike
0-2: Ball
1-2: Strikes out swinging
Batting: LHB James Durrman 0-0: Fly out, F9 (Flyball, 9, EV 95.0 MPH)
Batting: SHB Julio Valdez 0-0: Ball
1-0: Foul Ball, location: 2F
1-1: Foul Ball, location: 2F
1-2: Strikes out looking
Top of the 6th over - 0 runs, 0 hits, 0 errors, 0 left on base; Tidewater 5 - Columbus 2
BOTTOM OF THE 6TH
Columbus Clippers batting - Pitching for Tidewater Tides : LHP Gustavo Santiago
Batting: RHB David Hall 0-0: Foul Ball, location: 2F
0-1: Foul Ball, location: 2F
0-2: Ball
1-2: Foul Ball, location: 2F
1-2: Foul Ball, location: 2F
1-2: Ball
2-2: Foul Ball, location: 2F
2-2: Foul Ball, location: 2F
2-2: Ground out 6-3 (Groundball, 6, EV 103.1 MPH)
Batting: LHB George Kaage 0-0: Called Strike
0-1: Ball
1-1: Ball
2-1: Ground out 4-3 (Groundball, 4, EV 103.1 MPH)
Batting: RHB Pedro Guerrero 0-0: Foul Ball, location: 2F
0-1: Ground out 6-3 (Groundball, 6, EV 99.4 MPH)
Bottom of the 6th over - 0 runs, 0 hits, 0 errors, 0 left on base; Tidewater 5 - Columbus 2
TOP OF THE 7TH
Tidewater Tides batting - Pitching for Columbus Clippers : RHP Gene Nelson
Pitching: LHP Ron Leach
Batting: RHB Brad Komminsk 0-0: Swinging Strike
0-1: Ball
1-1: Swinging Strike
1-2: Ball
2-2: Strikes out swinging
Batting: LHB Roy E Johnson 0-0: Ground out U3 (Groundball, 3, EV 106.3 MPH)
Batting: LHB John Kruk 0-0: Called Strike
0-1: Foul Ball, location: 2F
0-2: SINGLE (Line Drive, 8LS, EV 109.4 MPH)
Batting: RHB George Gomez 0-0: Ball
1-0: Ball
2-0: Ball
3-0: Base on Balls
John Kruk to second
Batting: RHB German Rivera 0-0: Ball
1-0: SINGLE (Flyball, 4D, EV 82.5 MPH)
John Kruk to third
George Gomez to second
Runner from 3rd tries for Home, SAFE, throw by RF to home
Batting: RHB Billy Cree 0-0: Called Strike
0-1: Ball
1-1: Foul Ball, location: 2F
1-2: Foul Ball, location: 2F
1-2: Strikes out swinging
Top of the 7th over - 1 run, 2 hits, 0 errors, 2 left on base; Tidewater 6 - Columbus 2
BOTTOM OF THE 7TH
Columbus Clippers batting - Pitching for Tidewater Tides : LHP Gustavo Santiago
Batting: RHB Rod Allen 0-0: Foul Ball, location: 2F
0-1: Ball
1-1: Ball
2-1: Called Strike
2-2: Foul Ball, location: 2F
2-2: Foul Ball, location: 2F
2-2: Foul Ball, location: 2F
2-2: Ball
3-2: Strikes out looking
Pitching: RHP Steve Murray
Batting: RHB Larry Bowie 0-0: Ball
1-0: Called Strike
1-1: SINGLE (Line Drive, 7S, EV 102.5 MPH)
Batting: LHB Barry Butera 0-0: Called Strike
0-1: Ball
1-1: Hit by Pitch
Larry Bowie to second
Batting: LHB Gene Gentile 0-0: Foul Ball, location: 2F
0-1: Foul Ball, location: 2F
0-2: Ball
1-2: Foul Ball, location: 2F
1-2: Strikes out swinging
Batting: RHB Alex Taveras 0-0: Called Strike
0-1: Ball
1-1: Ball
2-1: Ground out 4-3 (Groundball, 34D, EV 85.0 MPH)
Bottom of the 7th over - 0 runs, 1 hit, 0 errors, 2 left on base; Tidewater 6 - Columbus 2
TOP OF THE 8TH
Tidewater Tides batting - Pitching for Columbus Clippers : LHP Ron Leach
Batting: RHB Anthony Lachowetz 0-0: Ball
1-0: Ball
2-0: Ball
3-0: Called Strike
3-1: Called Strike
3-2: Base on Balls
Batting: LHB James Durrman 0-0: Fly out, F8 (Flyball, 8RD, EV 103.8 MPH)
Batting: SHB Julio Valdez 0-0: Fly out, F7 (Line Drive, 7, EV 106.9 MPH)
Batting: RHB Brad Komminsk 0-0: Ball
1-0: Ball
2-0: Foul Ball, location: 2F
2-1: Fielders Choice at 2nd, 5-4 (Groundball, 56D, EV 85.6 MPH)
Top of the 8th over - 0 runs, 0 hits, 0 errors, 1 left on base; Tidewater 6 - Columbus 2
BOTTOM OF THE 8TH
Columbus Clippers batting - Pitching for Tidewater Tides : RHP Steve Murray
Batting: LHB Jordan Medrano 0-0: Called Strike
0-1: Ground out 3-1 (Groundball, 3S, EV 90.0 MPH)
Batting: RHB David Hall 0-0: Called Strike
0-1: Swinging Strike
0-2: Foul Ball, location: 2F
0-2: Ball
1-2: Ball
2-2: Ball
3-2: SINGLE (Groundball, P, EV 91.3 MPH) (infield hit)
Batting: LHB George Kaage 0-0: Called Strike
0-1: Ball
1-1: Ball
2-1: Ball
3-1: Foul Ball, location: 2F
3-2: Foul Ball, location: 2F
3-2: Base on Balls
David Hall to second
Batting: RHB Pedro Guerrero 0-0: SINGLE (Groundball, 6MD, EV 101.9 MPH)
David Hall to third
George Kaage to second
Runner from 3rd tries for Home, SAFE, throw by CF to home
Batting: RHB Rod Allen 0-0: SINGLE (Line Drive, 89S, EV 108.8 MPH)
George Kaage to third
Pedro Guerrero to second
Runner from 3rd tries for Home, SAFE, throw by RF to home
Batting: RHB Larry Bowie 0-0: Foul Ball, location: 2F
0-1: Ball
1-1: Fly out, F6 (Flyball, 6D, EV 95.6 MPH)
Batting: LHB Barry Butera 0-0: Ball
1-0: Ball
2-0: Swinging Strike
2-1: Foul Ball, location: 2F
2-2: Ground out 6-3 (Groundball, 56, EV 101.9 MPH)
Bottom of the 8th over - 2 runs, 3 hits, 0 errors, 2 left on base; Tidewater 6 - Columbus 4
TOP OF THE 9TH
Tidewater Tides batting - Pitching for Columbus Clippers : LHP Ron Leach
Batting: LHB Roy E Johnson 0-0: Ball
1-0: Called Strike
1-1: Ball
2-1: Fly out, F8 (Flyball, 8RM, EV 88.1 MPH)
Batting: LHB John Kruk 0-0: Foul Ball, location: 2F
0-1: Ball
1-1: Ground out U3 (Groundball, 34S, EV 90.0 MPH)
Batting: RHB George Gomez 0-0: Fly out, F6 (Popup, 6M, EV 64.4 MPH)
Top of the 9th over - 0 runs, 0 hits, 0 errors, 0 left on base; Tidewater 6 - Columbus 4
BOTTOM OF THE 9TH
Columbus Clippers batting - Pitching for Tidewater Tides : RHP Steve Murray
Pitching: RHP Salome Barojas
Now at 1B: Wayne Wilkerson
Batting: LHB Gene Gentile 0-0: Ball
1-0: Ground out 6-3 (Groundball, 6, EV 101.3 MPH)
Batting: RHB Alex Taveras 0-0: Called Strike
0-1: Ball
1-1: Ground out 5-3 (Groundball, 5, EV 77.5 MPH)
Batting: LHB Jordan Medrano 0-0: Swinging Strike
0-1: Foul Ball, location: 2F
0-2: DOUBLE (Flyball, 8RXD, EV 109.4 MPH)
Batting: RHB David Hall 0-0: Ball
1-0: Ground out 1-3 (Groundball, P, EV 71.3 MPH)
Bottom of the 9th over - 0 runs, 1 hit, 0 errors, 1 left on base; Tidewater 6 - Columbus 4
Friday, August 14th, 2020 - OOTP Baseball 21.5 Build 76